 Dungeon Crawl Stone Soup version 0.28-a0-823-gb444dcf96d (webtiles) character file.

Game seed: 14330302460419886738

193 Iepvzaeh the Digger (level 5, -5/28 HPs)
             Began as a Gargoyle Earth Elementalist on Nov 10, 2021.
             Slain by Edmund (10 damage)
             ... on level 4 of the Dungeon on Nov 11, 2021.
             The game lasted 00:07:39 (4016 turns).

Iepvzaeh the Digger (Gargoyle Earth Elementalist)   Turns: 4016, Time: 00:07:41

Health: -5/28      AC:  7    Str: 11    XL:     5   Next: 72%
Magic:  4/9        EV: 12    Int: 17    God:
Gold:   102        SH:  0    Dex: 10    Spells: 6/9 levels left

rFire   . . .      SeeInvis .   d - +0 flail
rCold   . . .      Faith    .   (no shield)
rNeg    + . .      Spirit   .   b - +0 robe
rPois   ∞          Reflect  .   (no helmet)
rElec   +          Harm     .   (no cloak)
rCorr   .          Rampage  .   (no gloves)
Will    .....                   q - +0 pair of boots
Stlth   ++........              (no amulet)
HPRegen 0.09/turn               e - ring of flight
MPRegen 0.11/turn               (no ring)

@: flying
A: sickness immunity, AC +4, negative energy resistance 1, electricity
resistance, torment resistance 1, petrification resistance
a: no special abilities


You were on level 4 of the Dungeon.
You visited 1 branch of the dungeon, and saw 4 of its levels.

You collected 102 gold pieces.

Inventory:

Hand Weapons
 d - a +0 flail (weapon)
Missiles
 c - 26 stones
 t - 2 throwing nets
Armour
 b - a +0 robe (worn)
 q - a +0 pair of boots (worn)
Jewellery
 e - a ring of flight (left hand)
Wands
 s - a wand of polymorph (2)
Scrolls
 a - a scroll of noise {unknown}
 g - 3 scrolls of enchant armour {unknown}
 h - a scroll of fog {unknown}
 i - 2 scrolls of blinking {unknown}
 m - a scroll of fear {unknown}
 o - 2 scrolls of vulnerability {unknown}
 p - a scroll of teleportation {unknown}
 r - a scroll of enchant weapon {unknown}
Potions
 f - a potion of invisibility {unknown}
 j - a potion of heal wounds {unknown}
 k - a potion of might {unknown}
 l - 2 potions of curing {unknown}
 n - a potion of degeneration {unknown}
 u - 2 potions of haste {unknown}


   Skills:
 + Level 0.3 Fighting
 + Level 0.4 Maces & Flails
 + Level 1.9 Dodging
 + Level 3.1 Stealth
 + Level 2.9 Spellcasting
 + Level 0.7 Transmutations
 + Level 6.1 Earth Magic


You had 6 spell levels left.
You knew the following spells:

 Your Spells              Type           Power      Damage    Failure   Level
a - Sandblast             Erth           46%        2d11      1%          1
b - Passwall              Tmut/Erth      11%        N/A       6%          2

Your spell library contained the following spells:

 Spells                   Type           Power      Damage    Failure   Level
 Stone Arrow              Conj/Erth      24%        3d8       16%         3
 Petrify                  Tmut/Erth      14%        N/A       38%         4
 Swiftness                Air            2%         N/A       47%         3
 Invisibility             Hex            1%         N/A       100%        6


Dungeon Overview and Level Annotations

Branches:
Dungeon (4/15)
 Temple: D:4-7

Altars:

Annotations:
D:4 Edmund


Innate Abilities, Weirdness & Mutations

You are immune to sickness and miasma.
Your stone body is resilient. (AC +4)
You are immune to poison.
You resist negative energy. (rN+)
You are resistant to electric shocks. (rElec)
You are resistant to unholy torment.
You are immune to petrification.


Message History

The hound skeleton is moderately damaged.
The hound skeleton bites you. The endoplasm hits you.
The hound skeleton bites you but does no damage.
You barely miss the hound skeleton.
The hound skeleton is moderately damaged.
The endoplasm misses you. The hound skeleton misses you.
The endoplasm hits you.
You thump the hound skeleton!
The hound skeleton is severely damaged.
The hound skeleton bites you but does no damage.
The hound skeleton closely misses you.
The endoplasm hits you but does no damage.
You sock the hound skeleton!
You destroy the hound skeleton!
The endoplasm hits you but does no damage.
You sock the endoplasm!
You kill the endoplasm!
No target in view!
No target in view!
HP restored.
Found a stone staircase leading down.
Edmund the Younger comes into view.
He is wielding a +1 flail of holy wrath and wearing a +1 scale mail of cold resistance.
Edmund is nearby!
Found a chain mail.
Edmund is nearby!
The blast of sand hits Edmund but does no damage.
The blast of sand hits Edmund but does no damage.
The blast of sand hits Edmund.
Edmund is lightly wounded.
Edmund drinks a potion.
Edmund goes berserk!
The blast of sand hits Edmund but does no damage.
Edmund is lightly wounded.
Edmund hits you with a +1 flail of holy wrath.
The blast of sand hits Edmund but does no damage.
Edmund is lightly wounded.
Edmund hits you with a +1 flail of holy wrath!
Ouch! That really hurt!
* * * LOW HITPOINT WARNING * * *
Edmund hits you with a +1 flail of holy wrath!
You die...

..... #....#
.....##....##
............#
...>........#
............#
............#
.......@....#
.......@.$.#
.......>...#
...........#
...........#
.##........#
#..##....# #..
#.........
+...#..........
#[ #.....##.?#


You could see Edmund (berserk).

Vanquished Creatures
  An orc priest (D:3)
  Ijyb (D:3)
  A hound skeleton (D:4)
  3 adders (D:2)
  5 gnolls
  A worm (D:2)
  3 dart slugs
  2 orcs (D:3)
  4 ball pythons
  3 bats
  2 endoplasms
  4 giant cockroaches
  4 hobgoblins
  2 quokkas (D:1)
  2 frilled lizards
  3 goblins
  A kobold (D:1)
  5 rats
47 creatures vanquished.

Notes
Turn   | Place    | Note
-------+----------+-------------------------------------------
     0 | D:1      | Iepvzaeh the Gargoyle Earth Elementalist began the quest
                  | for the Orb.
     0 | D:1      | Reached XP level 1. HP: 10/10 MP: 3/3
    62 | D:1      | Reached skill level 4 in Earth Magic
    62 | D:1      | Reached XP level 2. HP: 15/15 MP: 1/5
   472 | D:1      | Found a faded altar of an unknown god.
   797 | D:1      | Reached XP level 3. HP: 19/19 MP: 3/6
  1532 | D:2      | Reached skill level 5 in Earth Magic
  1584 | D:2      | Learned a level 2 spell: Passwall
  1656 | D:2      | Reached XP level 4. HP: 16/24 MP: 3/7
  2728 | D:3      | Noticed Ijyb
  2799 | D:3      | Killed Ijyb
  3181 | D:3      | Reached XP level 5. HP: 5/28 MP: 3/8
  3495 | D:3      | Reached skill level 6 in Earth Magic
  4009 | D:4      | Noticed Edmund
  4016 | D:4      | Slain by Edmund

Illustrated notes

Levels and vault maps discovered:
D:1:      onia_arrival_pentagram, layout_basic, basic_ecumenical_altar,
          minmay_fountain_box
D:2:      layout_loops_ring, nrook_campfire, kennysheep_cross_room,
          minmay_diced_spiral
D:3:      layout_basic, bh_walls_and_bars, uniq_ijyb
D:4:      layout_gridville, biasface_ghost_orc_armoury, nrook_mini_vaults,
          nicolae_underground_beach, uniq_edmund

Skill      XL: |  1  2  3  4  5 |
---------------+----------------+-----
Earth Magic    | 4 5 6 |  6.1
Stealth        | 3 |  3.1
Fighting       | |  0.3
Maces & Flails | |  0.4
Dodging        | |  1.9
Spellcasting   | |  2.9
Transmutations | |  0.7

Action                   |  1- 3 |  4- 6 || total
-------------------------+-------+-------++-------
Melee: Flail             |    21 |    28 ||    49
       Unarmed           |       |    13 ||    13
 Cast: Sandblast         |    29 |    45 ||    74
       Passwall          |       |     1 ||     1
 Stab: Sleeping          |     1 |     1 ||     2
Armor: Robe              |     7 |    10 ||    17
       Skin              |       |    12 ||    12
Dodge: Dodged            |    21 |    22 ||    43

Table legend: (Time is in decaauts)
 A = Elapsed time spent in this place.
 B = Non-inter-level travel time spent in this place.
 C = Inter-level travel time spent in this place.
 D = Time resting spent in this place.
 E = Time spent auto-exploring this place.
 F = Levels seen in this place.
 G = Mean time per level.
                   A        B        C        D        E       F      G
               +--------+--------+--------+--------+--------+-----+--------+
         Total |   4024 |   3958 |     66 |    314 |   3227 |   4 | 1006.0 |
       Dungeon |   4024 |   3958 |     66 |    314 |   3227 |   4 | 1006.0 |
               +--------+--------+--------+--------+--------+-----+--------+

Top non-repeatable levels by time:
     D:1: 1358 daAuts
     D:2: 1296 daAuts
     D:3: 1295 daAuts
     D:4: 74 daAuts
